Map: Terrasses de Prion

Players

zidar - Winner!

  • Race: Zerg Zerg
  • League: Silver
  • Spawn Location: 5:00

TRINITY

  • Race: Terran Terran
  • League: Silver
  • Spawn Location: 11:00

VOD

Have the link to the VOD?

Description

Time

  • Played on: Jan. 22, 2016, 1:27 p.m.
  • Length: 5:35
Show
View Real Time Build Order
Export as new Build Order

zidar Zerg - Winner!

Build Orders: Hatch First 

Get SALT Encoding   

  12  0:01  Drone  
  13  0:16  Overlord  
  13  0:20  Drone  
  14  0:40  Drone x3  
  17  0:55  Hatchery  
  16  0:58  Drone  
  16  1:03  Extractor  
  16  1:04  Drone  
  17  1:21  Spawning Pool  
  17  1:22  Drone  
  17  1:32  Drone  
  18  1:35  Overlord  
  18  1:45  Drone  
  19  1:56  Drone  
  20  2:07  Drone  
  21  2:13  Queen x2  
  25  2:28  Drone  
  25  2:29  Drone x3  
  28  2:45  Roach Warren  
  28  2:51  Extractor  
  26  2:54  Overlord  
  26  2:56  Drone x4  
  30  3:04  Metabolic Boost  
  30  3:16  Zergling x2  
  30  3:17  Zergling x4  
  33  3:24  Evolution Chamber  
  32  3:29  Overlord  
  32  3:37  Roach x4  
  40  3:44  Zergling x4  
  42  4:02  Ravager x2  
  44  4:03  Ravager x2  
  46  4:29  Lair  
  46  4:43  Queen  
  48  4:49  Extractor  
  47  4:54  Extractor  
  47  4:59  Drone x6  
  52  5:00  Evolution Chamber  
  52  5:05  Hatchery  
Show
View Real Time Build Order
Export as new Build Order

TRINITY Terran 

Build Orders:  

Get SALT Encoding   

  12  0:02  SCV  
  13  0:16  SCV  
  14  0:23  Supply Depot  
  14  0:28  SCV  
  15  0:44  SCV  
  15  0:47  Barracks  
  16  0:57  SCV  
  17  1:09  SCV  
  18  1:18  Command Center  
  18  1:23  SCV  
  19  1:35  Marine  
  19  1:38  Supply Depot  
  20  1:41  Refinery  
  20  1:43  SCV  
  20  1:44  Refinery  
  21  1:55  SCV  
  22  2:07  SCV  
  23  2:19  SCV  
  24  2:23  Supply Depot  
  24  2:26  Marine  
  25  2:31  SCV  
  26  2:47  Supply Depot  
  26  3:06  Marine  
  27  3:36  Marine  
  28  3:46  SCV  
  29  3:53  Factory  
  29  3:58  SCV  
  30  4:08  Marine  
  31  4:10  SCV  
  32  4:22  SCV  
  33  4:35  SCV  
  34  4:40  Barracks  
  34  4:41  Barracks  
  34  4:43  Factory Tech Lab  
  34  4:47  SCV  
  34  4:49  Supply Depot  
  34  4:52  Supply Depot  
  35  4:59  SCV  
  36  5:07  Marine  
  36  5:11  SCV  
Tags
 
Add a new tag
Caveats
  • Supply blocks, unpowered buildings, or Contaminate may cause inaccurate times.
  • Supply counts are checked every 10 seconds.